| TOP OF THE 1ST |
|
Rochester Red Wings batting - Pitching for Toledo Mud Hens : RHP Dennis Deck
|
|
Pitching: RHP Dennis Deck
|
|
|
Batting: RHB Marty G Barrett
|
0-0: Ball 1-0: Foul Ball, location: 2F 1-1: Ground out 6-3 (Groundball, 6, EV 86.9 MPH)
|
|
Batting: LHB Ed Amelung
|
0-0: Ball 1-0: Ball 2-0: SINGLE (Line Drive, 8RS, EV 90.0 MPH)
|
|
Batting: SHB Jordan Ayala
|
0-0: Ball 1-0: Ball 2-0: Called Strike 2-1: Fielders Choice at 2nd, 2-4 (Groundball, 15S, EV 60.6 MPH)
|
|
Batting: RHB Gerry Davis
|
0-0: Called Strike Pickoff Throw to First - Error! E1 Jordan Ayala to second 0-1: Ground out 4-3 (Groundball, 4, EV 93.1 MPH)
|
| Top of the 1st over - 0 runs, 1 hit, 1 error, 1 left on base; Rochester 0 - Toledo 0 |
| BOTTOM OF THE 1ST |
|
Toledo Mud Hens batting - Pitching for Rochester Red Wings : RHP Danny Cox
|
|
Pitching: RHP Danny Cox
|
|
|
Batting: RHB Nick Capra
|
0-0: Swinging Strike 0-1: Ball 1-1: Swinging Strike 1-2: Ball 2-2: Fly out, F8 (Flyball, 8LM, EV 88.1 MPH)
|
|
Batting: RHB Don Lyle
|
0-0: Fly out, F4 (Popup, 4MD, EV 66.3 MPH)
|
|
Batting: SHB Ken Henderson
|
0-0: Ball 1-0: Called Strike 1-1: Called Strike 1-2: Foul Ball, location: 2F 1-2: Strikes out swinging
|
| Bottom of the 1st over - 0 runs, 0 hits, 0 errors, 0 left on base; Rochester 0 - Toledo 0 |
| TOP OF THE 2ND |
|
Rochester Red Wings batting - Pitching for Toledo Mud Hens : RHP Dennis Deck
|
|
Batting: RHB Pat Casey
|
0-0: Ball 1-0: Called Strike 1-1: Ground out 5-3 (Groundball, 56, EV 84.4 MPH)
|
|
Batting: RHB Chris Johnston
|
0-0: Called Strike 0-1: Fly out, F5 (Line Drive, 5, EV 71.3 MPH)
|
|
Batting: LHB Dave Falcone
|
0-0: Ball 1-0: Ball 2-0: Ball 3-0: Called Strike 3-1: SINGLE (Line Drive, 89M, EV 98.1 MPH)
|
|
Batting: RHB Tom Brookens
|
0-0: Ball 1-0: Reached on error, E6 (Groundball, 6, EV 83.8 MPH) Dave Falcone to second
|
|
Batting: RHB Jerry Dybzinski
|
0-0: Ball 1-0: Foul Ball, location: 2F 1-1: Swinging Strike 1-2: Ball 2-2: Foul Ball, location: 2F 2-2: Foul Ball, location: 2F 2-2: Ball 3-2: Foul Ball, location: 2F 3-2: Base on Balls Dave Falcone to third Tom Brookens to second
|
|
Batting: RHB Marty G Barrett
|
0-0: SINGLE (Groundball, 56D, EV 98.1 MPH) Dave Falcone scores Tom Brookens to third Jerry Dybzinski to second Runner from 3rd tries for Home, SAFE, throw by LF to home
|
|
Batting: LHB Ed Amelung
|
0-0: Ball 1-0: Ball 2-0: Ground out 4-3 (Groundball, 34D, EV 101.3 MPH)
|
| Top of the 2nd over - 2 runs, 2 hits, 1 error, 2 left on base; Rochester 2 - Toledo 0 |
| BOTTOM OF THE 2ND |
|
Toledo Mud Hens batting - Pitching for Rochester Red Wings : RHP Danny Cox
|
|
Batting: LHB Jerry Tabb
|
0-0: Ball 1-0: Foul Ball, location: 2F 1-1: Fly out, F3 (Flyball, 34D, EV 84.4 MPH)
|
|
Batting: LHB Randy S Johnson
|
0-0: Swinging Strike 0-1: Ball 1-1: Fly out, F9 (Flyball, 9LS, EV 80.0 MPH)
|
|
Batting: LHB Ron Diggle
|
0-0: Ball 1-0: Called Strike 1-1: Swinging Strike 1-2: Foul Ball, location: 2F 1-2: Foul Ball, location: 2F 1-2: Ground out 6-3 (Groundball, 6M, EV 100.6 MPH)
|
| Bottom of the 2nd over - 0 runs, 0 hits, 0 errors, 0 left on base; Rochester 2 - Toledo 0 |
| TOP OF THE 3RD |
|
Rochester Red Wings batting - Pitching for Toledo Mud Hens : RHP Dennis Deck
|
|
Batting: SHB Jordan Ayala
|
0-0: Foul Ball, location: 2F 0-1: Called Strike 0-2: Ball 1-2: Foul Ball, location: 2F 1-2: Ground out 4-3 (Groundball, 4S, EV 83.8 MPH)
|
|
Batting: RHB Gerry Davis
|
0-0: Foul Ball, location: 2F 0-1: Called Strike 0-2: Ball 1-2: Strikes out swinging
|
|
Batting: RHB Pat Casey
|
0-0: Ground out 6-3 (Groundball, 6, EV 81.3 MPH)
|
| Top of the 3rd over - 0 runs, 0 hits, 0 errors, 0 left on base; Rochester 2 - Toledo 0 |
| BOTTOM OF THE 3RD |
|
Toledo Mud Hens batting - Pitching for Rochester Red Wings : RHP Danny Cox
|
|
Batting: RHB Gary Allenson
|
0-0: Ball 1-0: Ball 2-0: Foul Ball, location: 2F 2-1: Fly out, F9 (Line Drive, 9, EV 98.1 MPH)
|
|
Batting: LHB Rich Coggins
|
0-0: Called Strike 0-1: Swinging Strike 0-2: Ball 1-2: Fly out, F9 (Flyball, 9D, EV 95.6 MPH)
|
|
Batting: LHB George LaCoe
|
0-0: Ground out 4-3 (Groundball, 4, EV 106.9 MPH)
|
| Bottom of the 3rd over - 0 runs, 0 hits, 0 errors, 0 left on base; Rochester 2 - Toledo 0 |
| TOP OF THE 4TH |
|
Rochester Red Wings batting - Pitching for Toledo Mud Hens : RHP Dennis Deck
|
|
Batting: RHB Chris Johnston
|
0-0: Called Strike 0-1: Swinging Strike 0-2: Foul Ball, location: 2F 0-2: Strikes out swinging
|
|
Batting: LHB Dave Falcone
|
0-0: DOUBLE (Flyball, 8RXD, EV 104.4 MPH)
|
|
Batting: RHB Tom Brookens
|
0-0: Ball 1-0: Called Strike 1-1: Foul Ball, location: 2F 1-2: Ball Wild Pitch! Dave Falcone to third 2-2: Ball 3-2: Foul Ball, location: 2F 3-2: Base on Balls
|
|
Batting: RHB Jerry Dybzinski
|
0-0: Ball Tom Brookens steals 2nd base 1-0: Ball 2-0: Ball 3-0: Called Strike 3-1: Swinging Strike 3-2: Foul Ball, location: 2F 3-2: SINGLE (Groundball, 6S, EV 76.9 MPH) (infield hit) Dave Falcone scores Tom Brookens to third
|
|
Batting: RHB Marty G Barrett
|
0-0: Ball 1-0: Ball 2-0: Swinging Strike 2-1: Ball 3-1: Swinging Strike 3-2: Foul Ball, location: 2F 3-2: Strikes out swinging
|
|
Batting: LHB Ed Amelung
|
0-0: 3-RUN HOME RUN (Flyball, 89XD, EV 95.6 MPH), Distance : 414 ft
|
|
Batting: SHB Jordan Ayala
|
0-0: Foul Ball, location: 2F 0-1: Fly out, F7 (Flyball, 7LS, EV 86.9 MPH)
|
| Top of the 4th over - 4 runs, 3 hits, 0 errors, 0 left on base; Rochester 6 - Toledo 0 |
| BOTTOM OF THE 4TH |
|
Toledo Mud Hens batting - Pitching for Rochester Red Wings : RHP Danny Cox
|
|
Batting: RHB Nick Capra
|
0-0: Foul Ball, location: 2F 0-1: Ball 1-1: Ball 2-1: Ball 3-1: SINGLE (Line Drive, 8RS, EV 103.1 MPH)
|
|
Batting: RHB Don Lyle
|
0-0: Ball 1-0: Ball 2-0: Ball 3-0: Base on Balls Nick Capra to second
|
|
Batting: SHB Ken Henderson
|
0-0: Ball 1-0: Fly out, F8 (Flyball, 78XD, EV 100.0 MPH) Runner from 2nd tags up, SAFE at 3rd, no throw by CF
|
|
Batting: LHB Jerry Tabb
|
0-0: Called Strike 0-1: Foul Ball, location: 2F 0-2: Foul Ball, location: 2F 0-2: Grounds into double play, 4-6-3 (Groundball, 34, EV 96.3 MPH)
|
| Bottom of the 4th over - 0 runs, 1 hit, 0 errors, 1 left on base; Rochester 6 - Toledo 0 |
| TOP OF THE 5TH |
|
Rochester Red Wings batting - Pitching for Toledo Mud Hens : RHP Dennis Deck
|
|
Batting: RHB Gerry Davis
|
0-0: Called Strike 0-1: Ground out 4-3 (Groundball, 4, EV 101.9 MPH)
|
|
Batting: RHB Pat Casey
|
0-0: Ball 1-0: Ball 2-0: Called Strike 2-1: Fly out, F7 (Flyball, 78M, EV 92.5 MPH)
|
|
Batting: RHB Chris Johnston
|
0-0: Called Strike 0-1: Ball 1-1: Ball 2-1: Foul Ball, location: 2F 2-2: Fly out, F7 (Line Drive, 7D, EV 95.6 MPH)
|
| Top of the 5th over - 0 runs, 0 hits, 0 errors, 0 left on base; Rochester 6 - Toledo 0 |
| BOTTOM OF THE 5TH |
|
Toledo Mud Hens batting - Pitching for Rochester Red Wings : RHP Danny Cox
|
|
Batting: LHB Randy S Johnson
|
0-0: Ball 1-0: Ball 2-0: Foul Ball, location: 2F 2-1: Ground out U3 (Groundball, 3S, EV 85.6 MPH)
|
|
Batting: LHB Ron Diggle
|
0-0: Called Strike 0-1: Foul Ball, location: 2F 0-2: Ground out 6-3 (Groundball, 6, EV 87.5 MPH)
|
|
Batting: RHB Gary Allenson
|
0-0: Called Strike 0-1: Swinging Strike 0-2: Ball 1-2: Strikes out looking
|
| Bottom of the 5th over - 0 runs, 0 hits, 0 errors, 0 left on base; Rochester 6 - Toledo 0 |
| TOP OF THE 6TH |
|
Rochester Red Wings batting - Pitching for Toledo Mud Hens : RHP Dennis Deck
|
|
Pitching: RHP Kenneth Noble
|
|
|
Batting: LHB Dave Falcone
|
0-0: Foul Ball, location: 2F 0-1: Foul Ball, location: 2F 0-2: Foul Ball, location: 2F 0-2: Strikes out looking
|
|
Batting: RHB Tom Brookens
|
0-0: Foul Ball, location: 2F 0-1: Called Strike 0-2: Ball 1-2: Strikes out swinging
|
|
Batting: RHB Jerry Dybzinski
|
0-0: Called Strike 0-1: Ball 1-1: Ball 2-1: Ground out 3-1 (Groundball, 34S, EV 88.8 MPH)
|
| Top of the 6th over - 0 runs, 0 hits, 0 errors, 0 left on base; Rochester 6 - Toledo 0 |
| BOTTOM OF THE 6TH |
|
Toledo Mud Hens batting - Pitching for Rochester Red Wings : RHP Danny Cox
|
|
Batting: LHB Rich Coggins
|
0-0: Ball 1-0: Called Strike 1-1: Foul Ball, location: 2F 1-2: Ball 2-2: Ball 3-2: Foul Ball, location: 2F 3-2: Ground out 4-3 (Groundball, 4, EV 107.5 MPH)
|
|
Batting: LHB George LaCoe
|
0-0: Ball 1-0: Ground out 4-3 (Groundball, 4, EV 106.3 MPH)
|
|
Batting: RHB Nick Capra
|
0-0: Ball 1-0: Swinging Strike 1-1: Fly out, F5 (Line Drive, 5, EV 68.8 MPH)
|
| Bottom of the 6th over - 0 runs, 0 hits, 0 errors, 0 left on base; Rochester 6 - Toledo 0 |
| TOP OF THE 7TH |
|
Rochester Red Wings batting - Pitching for Toledo Mud Hens : RHP Kenneth Noble
|
|
Batting: RHB Marty G Barrett
|
0-0: Swinging Strike 0-1: Called Strike 0-2: Foul Ball, location: 2F 0-2: Ground out 5-3 (Groundball, 56, EV 88.1 MPH)
|
|
Batting: LHB Ed Amelung
|
0-0: Called Strike 0-1: Foul Ball, location: 2F 0-2: Ball 1-2: Foul Ball, location: 2F 1-2: Foul Ball, location: 2F 1-2: Ball 2-2: Fly out, F9 (Flyball, 89D, EV 91.9 MPH)
|
|
Batting: SHB Jordan Ayala
|
0-0: Foul Ball, location: 2F 0-1: Called Strike 0-2: Strikes out swinging, 2-3 out at first.
|
| Top of the 7th over - 0 runs, 0 hits, 0 errors, 0 left on base; Rochester 6 - Toledo 0 |
| BOTTOM OF THE 7TH |
|
Toledo Mud Hens batting - Pitching for Rochester Red Wings : RHP Danny Cox
|
|
Batting: RHB Don Lyle
|
0-0: Fly out, F9 (Flyball, 89S, EV 91.3 MPH)
|
|
Batting: SHB Ken Henderson
|
0-0: Called Strike 0-1: Swinging Strike 0-2: Foul Ball, location: 2F 0-2: Ball 1-2: Foul Ball, location: 2F 1-2: Strikes out looking
|
|
Batting: LHB Jerry Tabb
|
0-0: Ball 1-0: Ground out 6-3 (Groundball, 6, EV 98.8 MPH)
|
| Bottom of the 7th over - 0 runs, 0 hits, 0 errors, 0 left on base; Rochester 6 - Toledo 0 |
| TOP OF THE 8TH |
|
Rochester Red Wings batting - Pitching for Toledo Mud Hens : RHP Kenneth Noble
|
|
Batting: RHB Gerry Davis
|
0-0: SINGLE (Line Drive, 5D, EV 96.9 MPH)
|
|
Batting: RHB Pat Casey
|
0-0: SINGLE (Line Drive, 9S, EV 98.1 MPH) Gerry Davis to second
|
|
Batting: RHB Chris Johnston
|
0-0: Called Strike 0-1: Ball 1-1: Called Strike 1-2: Strikes out swinging
|
|
Batting: LHB Dave Falcone
|
0-0: Swinging Strike 0-1: Ball 1-1: Ball 2-1: Called Strike 2-2: Fielders Choice at 2nd, 2-6 (Groundball, 13S, EV 74.4 MPH) Gerry Davis to third
|
|
Batting: RHB Tom Brookens
|
0-0: Called Strike 0-1: Reached on error, E4 (Groundball, 4, EV 99.4 MPH) Gerry Davis scores Dave Falcone to second
|
|
Batting: RHB Jerry Dybzinski
|
0-0: Fielders Choice at 2nd, 6-4 (Groundball, 56, EV 93.1 MPH)
|
| Top of the 8th over - 1 run, 2 hits, 1 error, 2 left on base; Rochester 7 - Toledo 0 |
| BOTTOM OF THE 8TH |
|
Toledo Mud Hens batting - Pitching for Rochester Red Wings : RHP Danny Cox
|
|
Batting: LHB Randy S Johnson
|
0-0: Ball 1-0: Foul Ball, location: 2F 1-1: Foul Ball, location: 2F 1-2: Foul Ball, location: 2F 1-2: Ground out 4-3 (Groundball, 34, EV 82.5 MPH)
|
|
Batting: LHB Ron Diggle
|
0-0: Ball 1-0: Ball 2-0: Ball 3-0: Called Strike 3-1: Foul Ball, location: 2F 3-2: Strikes out swinging
|
|
Batting: RHB Gary Allenson
|
0-0: Ball 1-0: Foul Ball, location: 2F 1-1: Ball 2-1: Ball 3-1: Ground out 1-3 (Groundball, 34S, EV 74.4 MPH)
|
| Bottom of the 8th over - 0 runs, 0 hits, 0 errors, 0 left on base; Rochester 7 - Toledo 0 |
| TOP OF THE 9TH |
|
Rochester Red Wings batting - Pitching for Toledo Mud Hens : RHP Kenneth Noble
|
|
Batting: RHB Marty G Barrett
|
0-0: Called Strike 0-1: Ball 1-1: Ball 2-1: Swinging Strike 2-2: Ground out 5-3 (Groundball, 56S, EV 90.6 MPH)
|
|
Batting: LHB Ed Amelung
|
0-0: Ball 1-0: Called Strike 1-1: Fly out, F8 (Flyball, 89XD, EV 90.0 MPH)
|
|
Batting: SHB Jordan Ayala
|
0-0: Reached on error, E5 (Groundball, 56S, EV 81.3 MPH)
|
|
Batting: RHB Gerry Davis
|
0-0: Called Strike 0-1: Ball Wild Pitch! Jordan Ayala to second 1-1: Ball 2-1: Ball 3-1: Base on Balls
|
|
Batting: RHB Pat Casey
|
0-0: Ball 1-0: Ball 2-0: Ball 3-0: Called Strike 3-1: Called Strike 3-2: Base on Balls Jordan Ayala to third Gerry Davis to second
|
|
Batting: RHB Chris Johnston
|
0-0: Foul Ball, location: 2F 0-1: Fly out, F7 (Flyball, 7S, EV 90.0 MPH)
|
| Top of the 9th over - 0 runs, 0 hits, 1 error, 3 left on base; Rochester 7 - Toledo 0 |
| BOTTOM OF THE 9TH |
|
Toledo Mud Hens batting - Pitching for Rochester Red Wings : RHP Danny Cox
|
|
Batting: LHB Rich Coggins
|
0-0: Called Strike 0-1: Ball 1-1: Fly out, F8 (Line Drive, 8RD, EV 89.4 MPH)
|
|
Batting: LHB George LaCoe
|
0-0: Ball 1-0: Called Strike 1-1: Ball 2-1: Foul Ball, location: 2F 2-2: Ball 3-2: Base on Balls
|
|
Pitching: LHP Mac Scarce
|
|
|
Batting: RHB Nick Capra
|
0-0: Fly out, F9 (Line Drive, 9, EV 101.3 MPH)
|
|
Batting: RHB Don Lyle
|
0-0: Ball 1-0: Called Strike 1-1: Ball 2-1: Ball 3-1: Fielders Choice at 2nd, 5-4 (Groundball, 56, EV 106.9 MPH)
|
| Bottom of the 9th over - 0 runs, 0 hits, 0 errors, 1 left on base; Rochester 7 - Toledo 0 |
|